 Dungeon Crawl Stone Soup version 0.29-a0-872-g797fff5ad1 (webtiles) character file.

Game seed: 5382430876564336092

1206 greenreed the Basher (level 8, 0/71 HPs)
             Began as a Minotaur Berserker on July 18, 2022.
             Was a Priest of Trog.
             Slain by flotson's ghost (5 damage)
             ... on level 4 of the Dungeon.
             The game lasted 00:07:18 (4601 turns).

greenreed the Basher (Minotaur Berserker)           Turns: 4601, Time: 00:07:19

Health: 0/71       AC:  4    Str: 24    XL:     8   Next: 21%
Magic:  7/7        EV: 13    Int:  7    God:    Trog [***...]
Gold:   162        SH:  0    Dex: 10    Spells: 7/7 levels left

rFire   . . .      SeeInvis .   a - +0 mace
rCold   . . .      Faith    .   (no shield)
rNeg    . . .      Spirit   .   f - +0 leather armour
rPois   .          Reflect  .   (helmet restricted)
rElec   .          Harm     .   (no cloak)
rCorr   .          Rampage  .   x - +0 pair of gloves
Will    +....                   (no boots)
Stlth   +.........              (no amulet)
HPRegen 0.21/turn               w - ring of the Duchess {Wiz Will+ Int+3}
MPRegen 0.10/turn               (no ring)

@: on berserk cooldown, slowed, very slow
A: horns 2, retaliatory headbutt
a: Renounce Religion, Berserk, Trog's Hand


You were on level 4 of the Dungeon.
You worshipped Trog.
Trog was most pleased with you.
You visited 1 branch of the dungeon, and saw 4 of its levels.

You collected 162 gold pieces.

Inventory:

Hand Weapons
 a - a +0 mace (weapon)
 l - the +4 dagger "Belauroc" {flame, Dex+7}
   (You found it on level 2 of the Dungeon)

   It burns those it strikes, dealing additional fire damage.
   Dex:       It affects your dexterity (+7).
Missiles
 v - 4 javelins (quivered)
Armour
 b - a +0 animal skin
 f - a +0 leather armour (worn)
 h - a +0 ring mail
 x - a +0 pair of gloves (worn)
Jewellery
 w - the ring of the Duchess (left hand) {Wiz Will+ Int+3}
   (You found it on level 3 of the Dungeon)

   [ring of wizardry]

   It improves your spell success rate.
   Int:       It affects your intelligence (+3).
   Will:      It increases your willpower.
 y - a +6 ring of intelligence
Scrolls
 c - 7 scrolls of identify {unknown}
 d - a scroll of silence {unknown}
 j - 3 scrolls of magic mapping {unknown}
 p - 2 scrolls of poison {unknown}
 q - a scroll of fear {unknown}
 r - a scroll of teleportation {unknown}
Potions
 e - a potion of degeneration {unknown}
 g - 2 potions of haste {unknown}
 i - a potion of ambrosia {unknown}
 k - 3 potions of curing
 m - a potion of heal wounds {unknown}
 n - 2 potions of berserk rage {unknown}
 o - a potion of flight {unknown}
 s - a potion of attraction {unknown}
 t - a potion of resistance {unknown}
 u - a potion of lignification {unknown}
 z - a potion of mutation {unknown}
 A - 2 potions of might {unknown}


   Skills:
 + Level 6.8 Fighting
 + Level 8.5 Maces & Flails
 + Level 4.7 Armour
 + Level 5.4 Dodging


You had 7 spell levels left.
You didn't know any spells.
Your spell library was empty.

Dungeon Overview and Level Annotations

Branches:
Dungeon (4/15)             Temple (0/1) D:4

Altars:

Shops:
D:4 (

Annotations:
D:4 flotson's ghost, weakling DsDe


Innate Abilities, Weirdness & Mutations

You have a pair of horns on your head.
You reflexively headbutt those who attack you in melee.


Message History

Kkgakdfjhgaksdf's ghost hits you.
* * * LOW HITPOINT WARNING * * *
You barely miss kkgakdfjhgaksdf's ghost.
Your headbutt misses kkgakdfjhgaksdf's ghost.
Kkgakdfjhgaksdf's ghost is almost destroyed.
Kkgakdfjhgaksdf's ghost hits you.
* * * LOW HITPOINT WARNING * * *
Kkgakdfjhgaksdf's ghost points at you and mumbles some strange words.
The magic dart hits you.
* * * LOW HITPOINT WARNING * * *
You feel better.
Kkgakdfjhgaksdf's ghost gestures at you while chanting.
The magic dart hits you.
* * * LOW HITPOINT WARNING * * *
You thump kkgakdfjhgaksdf's ghost!
You destroy kkgakdfjhgaksdf's ghost!
Trog accepts your kill.
Trog appreciates your killing of a magic user.
Flotson's ghost closely misses you.
You sock flotson's ghost!
Flotson's ghost is heavily damaged.
Flotson's ghost barely misses you.
You hit flotson's ghost but do no damage.
Flotson's ghost is heavily damaged.
Flotson's ghost hits you!
* * * LOW HITPOINT WARNING * * *
Flotson's ghost barely misses you.
You feel better. Flotson's ghost misses you.
You completely miss flotson's ghost.
Flotson's ghost is heavily damaged.
Flotson's ghost closely misses you. Flotson's ghost barely misses you.
You hit flotson's ghost but do no damage.
You headbutt flotson's ghost.
Flotson's ghost is almost destroyed.
Flotson's ghost hits you!
* * * LOW HITPOINT WARNING * * *
You hit flotson's ghost but do no damage.
Flotson's ghost is almost destroyed.
Flotson's ghost barely misses you. Flotson's ghost hits you.
You die...

.### #.##).......$# #...#
.# ##'##$......$)# ##..##
.# #...#8.......8# #...#
.# #...#!.......$# #.#.##
.# #...####'''#####
#....# .#
#..............# ##.#.#
########............###
#.#.#
.)....###'######W####
#...# ......# #.#
#@############..# ......#
#.# #...........##..##
......# #.#
###.#..####.###..#
......# #.# #.#..# #.#
#..# ......# #.# #.#..#
#.# #..# ......# #.#
######.#..# #.# #..#
.[....# #.#
#......#..####.####..
......# #.#
#.####.......#.##....
#.#'###
#.###.####.......#.##....


You could see flotson's ghost.

Vanquished Creatures
  The ghost of buhh the Insei, an amateur MeTm (D:4)
  The ghost of Sabo the Shield-Bearer, an amateur FoFi (D:4)
  Sigmund (D:2)
  The ghost of jimonade the Trooper, an amateur DjFi (D:4)
  The ghost of kkgakdfjhgaksdf the Conjurer, an amateur DgCj (D:4)
  A black bear (D:4)
  A phantom (D:4)
  A jelly (D:4)
  An orc wizard (D:3)
  Natasha (D:2)
  Robin (D:2)
  2 adders
  A worm (D:2)
  2 dart slugs
  5 orcs
  2 endoplasms (D:2)
  3 giant cockroaches
  15 goblins
  13 hobgoblins
  4 jackals (D:1)
  8 quokkas
  6 ball pythons
  2 bats (D:1)
  5 frilled lizards
  7 kobolds
  4 rats
90 creatures vanquished.

Notes
Turn   | Place    | Note
-------+----------+-------------------------------------------
     0 | D:1      | greenreed the Minotaur Berserker began the quest for the
                  | Orb.
     0 | D:1      | Reached XP level 1. HP: 19/19 MP: 0/0
   216 | D:1      | Reached XP level 2. HP: 27/27 MP: 1/1
   455 | D:1      | Reached skill level 4 in Maces & Flails
   720 | D:1      | Reached XP level 3. HP: 34/34 MP: 2/2
   841 | D:1      | You fall into a shaft and drop 1 floor!
   895 | D:2      | Reached ** piety under Trog
  1266 | D:2      | Identified the +4 dagger "Belauroc" {flame, Dex+7}
  1435 | D:2      | Found a faded altar of an unknown god.
  1582 | D:2      | Noticed Sigmund
  1588 | D:2      | Killed Sigmund
  1589 | D:2      | Reached skill level 5 in Fighting
  1589 | D:2      | Reached skill level 5 in Maces & Flails
  1589 | D:2      | Reached XP level 4. HP: 42/42 MP: 3/3
  1589 | D:2      | Reached XP level 5. HP: 48/48 MP: 4/4
  1846 | D:2      | Noticed Robin
  1852 | D:2      | Killed Robin
  2033 | D:2      | Noticed Natasha
  2040 | D:2      | Killed Natasha
  2041 | D:2      | Reached XP level 6. HP: 31/56 MP: 5/5
  2754 | D:3      | Reached skill level 6 in Maces & Flails
  3063 | D:3      | Identified the ring of the Duchess {Wiz Will+ Int+3}
  3612 | D:4      | Found a staircase to the Ecumenical Temple.
  3700 | D:4      | Reached *** piety under Trog
  4111 | D:4      | Found a runed translucent gate.
  4111 | D:4      | Found a runed translucent gate.
  4117 | D:4      | Found a runed translucent gate.
  4118 | D:4      | Noticed kkgakdfjhgaksdf's ghost (amateur DgCj)
  4118 | D:4      | Noticed buhh's ghost (amateur MeTm)
  4118 | D:4      | Noticed Sabo's ghost (amateur FoFi)
  4118 | D:4      | Noticed jimonade's ghost (amateur DjFi)
  4118 | D:4      | Noticed flotson's ghost (weakling DsDe)
  4173 | D:4      | Found Plog's Antique Weapon Shoppe.
  4215 | D:4      | Reached XP level 7. HP: 45/63 MP: 6/6
  4569 | D:4      | Killed buhh's ghost
  4570 | D:4      | Reached skill level 7 in Maces & Flails
  4573 | D:4      | Killed Sabo's ghost
  4574 | D:4      | Reached skill level 8 in Maces & Flails
  4574 | D:4      | Reached skill level 5 in Dodging
  4581 | D:4      | Killed jimonade's ghost
  4582 | D:4      | Reached XP level 8. HP: 55/71 MP: 7/7
  4595 | D:4      | Killed kkgakdfjhgaksdf's ghost
  4601 | D:4      | Slain by flotson's ghost

Illustrated notes

Levels and vault maps discovered:
D:1:      dpeg_arrival_rooms_a, layout_basic, minmay_misc_feat_tower,
          minmay_heptomino_h4
D:2:      layout_loops_corners, dilly_ecumenical_altar_fadedgnrine,
          minmay_misc_feat_rugged, minmay_quantized, uniq_sigmund, uniq_robin,
          uniq_natasha
D:3:      layout_loops_ring, kennysheep_nub, nrook_mini_backslash
D:4:      layout_basic, temple_green, gammafunk_ghost_cemetery, serial_shops,
          shop_fountains

Skill      XL: |  1  2  3  4  5  6  7 |
---------------+----------------------+-----
Fighting       | 4 5 6 |  6.8
Maces & Flails | 4 5 6 8 |  8.5
Armour         | 3 4 |  4.7
Dodging        | 3 4 5 |  5.4

Action                   |  1- 3 |  4- 6 |  7- 9 || total
-------------------------+-------+-------+-------++-------
Melee: Mace              |    76 |   121 |    35 ||   232
       Headbutt          |     9 |    18 |     6 ||    33
       Punch             |       |     4 |       ||     4
Invok: Berserk           |     1 |       |     1 ||     2
  Use: Potion            |       |       |     3 ||     3
Armor: Animal skin       |     4 |       |       ||     4
       Leather armour    |    18 |    30 |     4 ||    52
Dodge: Dodged            |    58 |    52 |    16 ||   126

Table legend: (Time is in decaauts)
 A = Elapsed time spent in this place.
 B = Non-inter-level travel time spent in this place.
 C = Inter-level travel time spent in this place.
 D = Time resting spent in this place.
 E = Time spent auto-exploring this place.
 F = Levels seen in this place.
 G = Mean time per level.
                   A        B        C        D        E       F      G
               +--------+--------+--------+--------+--------+-----+--------+
         Total |   4640 |   4487 |    153 |      0 |   3918 |   4 | 1160.0 |
       Dungeon |   4640 |   4487 |    153 |      0 |   3918 |   4 | 1160.0 |
               +--------+--------+--------+--------+--------+-----+--------+

Top non-repeatable levels by time:
     D:2: 1334 daAuts
     D:1: 1149 daAuts
     D:4: 1109 daAuts
     D:3: 1047 daAuts
